AoeStats
← pbtmp01

Arabia

507788081Analyzed
2v2 RM · 14d ago on Sep 19, 2026· 23m 58s· 4 players
Game mode
Random Map
Map size
Medium (4 player)
Population
200
Speed
Normal
Resources
Standard
Victory
Conquest
Starting age
Dark Age
Ending age
Imperial Age
RankedLock teamsTeams togetherTeam positionsShared explorationLock speedFull tech treeHidden civsTurbo modeCheats
Victory
Defeat
🇩🇪 Khmer · Germany
892
+17
🇬🇧 Franks · United Kingdom
876
+17
🇦🇷 Mongols · Argentina
945
-53
🇨🇳 Teutons · China
871
-40
DJ7darkness
10:25 Feudal Age
14:01 Castle Age
12:11 Double-Bit Axe
13:32 Bloodlines
13:43 Gold Mining
17:09 Scale Barding Armor
22:53 Forging
pbtmp01
11:07 Feudal Age
10:07 Loom
12:30 Double-Bit Axe
18:29 Castle Age
17:30 Scale Barding Armor
18:25 Forging
76561199640613672
9:45 Feudal Age
12:28 Wheelbarrow
14:56 Double-Bit Axe
16:14 Stone Mining
hnaw710284
10:53 Feudal Age
12:13 Wheelbarrow
11:48 Double-Bit Axe
13:05 Horse Collar
14:22 Gold Mining
17:12 Stone Mining
Connection lost

Rejoining the realm…

Still unreachable

The connection could not be restored.

Session expired

The server has moved on; the page needs a fresh start.